 Dungeon Crawl Stone Soup version 0.30-a0-840-ga523dec638 (webtiles) character file.

Game seed: 16150954615174607935

38825 Strat the Geomancer (level 14, -5/88 HPs)
             Began as a Kobold Reaver on Mar 1, 2023.
             Was a High Priest of Ignis.
             Shot with an arrow by Nessos (21 damage)
             ... on level 4 of the Lair of Beasts.
             The game lasted 00:46:23 (19902 turns).

Strat the Geomancer (Kobold Reaver)                Turns: 19902, Time: 00:46:24

Health: -5/88      AC: 12    Str:  9    XL:     14   Next: 36%
Magic:  23/23      EV: 26    Int: 14    God:    Ignis [*****.]
Gold:   2572       SH:  0    Dex: 19    Spells: 4/25 levels left

rFire   + + .      SeeInvis .    b - +3 dagger (drain)
rCold   + . .      Faith    .    (no shield)
rNeg    . . .      Spirit   .    D - +0 steam dragon scales
rPois   .          Reflect  .    t - +0 helmet
rElec   .          Harm     .    o - +0 cloak
rCorr   .          Rampage  .    (no gloves)
Will    +++..                    i - +2 pair of boots "Eppexax" {Contam rF+ rC+ Will++}
Stlth   ++++++                   j - amulet of regeneration
HPRegen 1.14/turn                s - +5 ring of evasion
MPRegen 0.18/turn                q - +4 ring of slaying

@: hasted, very quick
A: small, no large weapons, nightstalker 3
a: Renounce Religion, Fiery Armour, Foxfire Swarm, Rising Flame


You were on level 4 of the Lair of Beasts.
You worshipped Ignis.
Ignis was extremely pleased with you.
You visited 2 branches of the dungeon, and saw 16 of its levels.

You collected 2698 gold pieces.
You spent 126 gold pieces at shops.

Inventory:

Hand Weapons
 a - a +1 short sword of draining
 b - a +3 dagger of draining (weapon)
Missiles
 m - 34 poisoned darts
 F - 2 curare-tipped darts
 H - 3 throwing nets
Armour
 f - a +2 hat of intelligence
 g - a +1 pair of boots
 i - the +2 pair of boots "Eppexax" (worn) {Contam rF+ rC+ Will++}
   (You found it on level 1 of the Lair of Beasts)

   rF:        It protects you from fire.
   rC:        It protects you from cold.
   Contam:    It causes magical contamination when unequipped.
   Will:      It greatly increases your willpower.
 n - a scarf of shadows
 o - a +0 cloak (worn)
 t - a +0 helmet (worn)
 D - +0 steam dragon scales (worn)
 E - a +0 buckler
 L - +0 swamp dragon scales
 R - +0 acid dragon scales
Jewellery
 j - an amulet of regeneration (around neck)
 q - a +4 ring of slaying (right hand)
 s - a +5 ring of evasion (left hand)
 z - an amulet of guardian spirit
 A - a ring of protection from cold
 K - a ring of fire
 S - a ring of see invisible
 V - a ring of willpower
 X - a ring of protection from cold
Wands
 x - a wand of iceblast (7)
 I - a wand of flame (13)
 N - a wand of charming (15)
 O - a wand of polymorph (12)
 U - a wand of digging (2)
Scrolls
 c - 9 scrolls of identify
 d - a scroll of amnesia
 e - 4 scrolls of enchant armour
 k - 9 scrolls of teleportation
 r - 2 scrolls of fog
 y - 2 scrolls of fear
 P - 2 scrolls of noise
 T - a scroll of magic mapping
 Y - a scroll of enchant weapon
Potions
 h - 4 potions of berserk rage
 l - 3 potions of curing
 p - 2 potions of might
 u - 5 potions of mutation
 v - 2 potions of resistance
 w - 3 potions of attraction
 B - 5 potions of flight
 C - 4 potions of magic
 G - a potion of degeneration {unknown}
 J - 2 potions of lignification
 M - 3 potions of brilliance
 Q - a potion of haste
 W - 2 potions of invisibility {unknown}


   Skills:
 - Level 10.0 Fighting
 - Level 10.0 Short Blades
 - Level 6.0 Armour
 - Level 10.0 Dodging
 - Level 10.0 Stealth
 + Level 2.4 Shields
 - Level 6.0 Spellcasting
 - Level 10.0 Conjurations
 - Level 6.0 Hexes
 + Level 3.0 Necromancy
 - Level 2.0 Translocations
 + Level 10.5 Earth Magic


You had 4 spell levels left.
You knew the following spells:

 Your Spells              Type           Power      Damage    Failure   Level
a - Kiss of Death         Conj/Necr      88%        2d12      1%          1
b - Momentum Strike       Conj/Tloc      42%        3d9       1%          2
c - Hailstorm             Conj/Ice       18%        3d6       6%          3
d - Confusing Touch       Hex            21%        N/A       4%          3
e - Iron Shot             Conj/Erth      16%        9d4       34%         6
f - Apportation           Tloc           18%        N/A       7%          1
g - Borgnjor's Vile Clut  Necr/Erth      11%        N/A       26%         5

Your spell library contained the following spells:

 Spells                   Type           Power      Damage    Failure   Level
 Slow                     Hex            84%        N/A       1%          1
 Vampiric Draining        Necr           12%        2d6       14%         3
 Beastly Appendage        Tmut           8%         N/A       16%         1
 Wereblood                Tmut           4%         N/A       24%         2
 Kindle Blastsparks       Fire/Tloc/Air  12%        2d11      36%         3
 Animate Dead             Necr           12%        N/A       41%         4
 Ignite Poison            Fire/Tmut/Pois 4%         N/A       43%         3
 Spider Form              Tmut/Pois      4%         N/A       43%         3
 Iskenderun's Battlesphe  Conj           32%        2d8       7%          5
 Freezing Cloud           Conj/Ice/Air   6%         6-21      75%         5
 Alistair's Intoxication  Tmut/Pois      2%         N/A       99%         5
 Death Channel            Necr           6%         N/A       100%        6
 Spellforged Servitor     Conj/Summ      9%         N/A       100%        7


Dungeon Overview and Level Annotations

Branches:
Dungeon (12/15)            Temple (0/1) D:7            Lair (4/5) D:10
 Shoals (0/4) Lair:2        Snake (0/4) Lair:3          Orc (0/2) D:10
  Slime: Lair:4-5

Altars:
Fedhas
Makhleb
Xom
The Shining One
Ignis

Shops:
D:7 :   D:8 :   D:12 ((((*

Annotations:
D:10 3 runed translucent doors, Orangeyouglad's ghost, journeyman HuIE
D:12 Rupert
Lair:4 Nessos


Innate Abilities, Weirdness & Mutations

You are small and have problems with some larger weapons.
You are completely attuned to the shadows.


Message History

You assume a fearsome visage.
Nessos looks frightened!
The komodo dragon resists with some effort.
You feel very sick.
Nessos mumbles some strange words.
Nessos blinks!
The komodo dragon closely misses you.
You feel very sick.
Nessos shoots an arrow.
The arrow hits you!!
* * * LOW HITPOINT WARNING * * *
The arrow burns you.
You are more poisoned.
* * * LOW HITPOINT WARNING * * *
* * * LOW HITPOINT WARNING * * *
You feel extremely sick.
You feel better.
Nessos gestures wildly while chanting.
Nessos blinks!
The komodo dragon bites you.
* * * LOW HITPOINT WARNING * * *
Nessos mumbles some strange words.
Nessos seems to speed up.
As you read the scroll of fear, it crumbles to dust.
You assume a fearsome visage.
The komodo dragon looks frightened!
Nessos shoots an arrow.
The arrow closely misses you.
Nessos shoots an arrow.
The arrow completely misses you.
As you read the scroll of fear, it crumbles to dust.
You assume a fearsome visage.
Nothing appears to happen.
Nessos shoots an arrow.
The arrow hits you!
* * * LOW HITPOINT WARNING * * *
The arrow burns you.
* * * LOW HITPOINT WARNING * * *
Nessos shoots an arrow.
The arrow hits you!
* * * LOW HITPOINT WARNING * * *
The arrow burns you.
You are lethally poisoned!
* * * LOW HITPOINT WARNING * * *
You feel better.
Nessos shoots an arrow.
The arrow misses you.
Nessos shoots an arrow.
The arrow misses you.
Nessos shoots an arrow.
The arrow completely misses you.
Okay, then.
You feel yourself speed up.
Nessos shoots an arrow.
The arrow hits you!!
You die...

#...#.# ....<....#
.....### .........#
...#...##
.........#
..##.#..##
........## ..
####..#####
#........ .
##.....####......
##....#†#.#..c...
##.......##.......
##..........@...l..
#...........##.#.#.
##...........######
#........#..##
##...^...†...#
#...........##
###.....#..##
###...#### #####


You could see Nessos (fast) and a komodo dragon (fleeing, drained).

Vanquished Creatures
  Gastronok (Lair:1)
  2 hydras (Lair:4)
  A boulder beetle (Lair:3)
  A centaur warrior (D:10)
  4 death yaks (Lair:3)
  A skyshark (Lair:3)
  Sonja (Lair:1)
  Amaemon (Lair:1)
  A lindwurm (Lair:2)
  An oklob plant (Lair:1)
  2 cyclopes (D:11)
  16 elephants
  4 black mambas (Lair:3)
  Maurice (D:8)
  A merfolk siren (Lair:2)
  5 cane toads
  3 unseen horrors
  Maggie (D:9)
  A rime drake (Lair:4)
  A komodo dragon (Lair:3)
  5 polar bears
  2 hornets
  A troll (D:11)
  17 blink frogs
  22 yaks
  4 shadows
  4 wyverns
  A human (shapeshifter) (D:11)
  2 basilisks
  7 vampire mosquitoes (D:12)
  3 steam dragons
  Grum (Lair:1)
  An acid dragon (D:10)
  A two-headed ogre zombie (D:10)
  Edmund (D:5)
  13 water moccasins
  3 ice beasts
  4 orc warriors
  2 sky beasts
  5 black bears
  8 wolves
  3 centaurs
  4 phantoms
  A kobold brigand (D:8)
  7 bullfrogs
  4 gnoll sergeants
  2 necrophages
  11 scorpions
  8 wights
  A howler monkey (D:6)
  A lava snake (D:11)
  3 jellies
  6 hounds
  10 orc priests
  6 gnoll boudas
  5 iguanas
  Terence (D:3)
  6 hell rats (Lair:1)
  14 orc wizards
  Ijyb (D:4)
  4 ogre zombies (D:10)
  A mummy (D:7)
  Robin (D:4)
  36 gnolls
  7 adders
  2 shadow imps (D:6)
  4 white imps (D:6)
  2 ufetubi
  A worm (D:2)
  32 orcs
  5 endoplasms
  4 giant cockroaches
  12 goblins
  10 hobgoblins
  3 jackals (D:1)
  3 kobolds
  2 quokkas
  3 ball pythons
  2 bats
  A frilled lizard (D:3)
  A goblin skeleton (D:10)
  3 goblin zombies (D:10)
  3 hobgoblin zombies
  A kobold zombie (D:7)
  2 orc skeletons (D:10)
  14 orc zombies
  4 rats
413 creatures vanquished.

Vanquished Creatures (collateral kills)
  A two-headed ogre zombie (D:10)
  A phantom (D:10)
  An ogre zombie (D:10)
  A hobgoblin skeleton (D:10)
  2 orc zombies (D:10)
6 creatures vanquished.

Vanquished Creatures (others)
  A black mamba (Lair:3)
  An orc wizard (D:7)
  A bush (Lair:2)
  33 fungi
  45 plants
81 creatures vanquished.

Grand Total: 500 creatures vanquished

Notes
Turn   | Place    | Note
-------+----------+-------------------------------------------
     0 | D:1      | Strat the Kobold Reaver began the quest for the Orb.
     0 | D:1      | Reached XP level 1. HP: 12/12 MP: 3/3
   199 | D:1      | Reached XP level 2. HP: 18/18 MP: 5/5
   223 | D:1      | Learned a level 2 spell: Momentum Strike
   586 | D:1      | Reached XP level 3. HP: 17/22 MP: 6/6
   709 | D:2      | Found a shimmering altar of Xom.
  1054 | D:2      | Reached skill level 5 in Short Blades
  1238 | D:2      | Reached XP level 4. HP: 23/27 MP: 2/7
  1251 | D:2      | Reached skill level 1 in Translocations
  1498 | D:3      | Found a faded altar of an unknown god.
  1524 | D:3      | Prayed at the altar of an unknown god.
  1524 | D:3      | Became a worshipper of Ignis, the Dying Flame
  1563 | D:3      | Noticed Terence
  1573 | D:3      | Killed Terence
  1922 | D:3      | Reached XP level 5. HP: 25/30 MP: 8/8
  2007 | D:3      | Found a burning altar of Makhleb.
  2010 | D:3      | Found a blossoming altar of Fedhas.
  2786 | D:4      | Noticed Robin
  2842 | D:3      | Learned a level 3 spell: Hailstorm
  2873 | D:4      | Noticed a phantom
  2885 | D:4      | Killed a phantom
  2886 | D:4      | Reached skill level 1 in Stealth
  2886 | D:4      | Reached XP level 6. HP: 37/37 MP: 6/9
  3441 | D:4      | Reached XP level 7. HP: 17/41 MP: 7/10
  3556 | D:4      | Killed Robin
  3745 | D:4      | Noticed Ijyb
  3749 | D:4      | Killed Ijyb
  3964 | D:5      | Entered Level 5 of the Dungeon
  4196 | D:5      | Identified the +6 war axe "Dragonbane" {protect, rF++ rCorr
                  | Int-2 Dex+3}
  4232 | D:5      | Reached skill level 5 in Stealth
  4523 | D:5      | Noticed a water moccasin
  4550 | D:5      | Killed a water moccasin
  4551 | D:5      | Reached XP level 8. HP: 34/46 MP: 6/11
  5574 | D:5      | Reached skill level 10 in Stealth
  5662 | D:5      | Noticed Edmund
  5691 | D:5      | Killed Edmund
  6110 | D:6      | Reached XP level 9. HP: 46/50 MP: 12/12
  6380 | D:6      | Reached skill level 5 in Dodging
  6540 | D:6      | Reached skill level 10 in Short Blades
  6896 | D:6      | Reached XP level 10. HP: 49/56 MP: 13/13
  7040 | D:6      | Reached skill level 10 in Dodging
  7420 | D:6      | Reached skill level 5 in Conjurations
  7606 | D:6      | Reached skill level 5 in Fighting
  8067 | D:7      | Found Runezul's Book Shop.
  8549 | D:7      | Identified the +1 ring mail "Tues" {Dex+2}
  8564 | D:7      | Found a staircase to the Ecumenical Temple.
  9516 | D:8      | Reached XP level 11. HP: 41/67 MP: 14/14
 10441 | D:8      | Found Eda Suagu's Tremendous Tomes.
 10480 | D:9      | Noticed Maurice
 10539 | D:9      | Found a glowing golden altar of the Shining One.
 10628 | D:9      | Noticed Maggie
 10631 | D:9      | Killed Maggie
 10664 | D:9      | Identified the +7 great sword of the Ancient Dances {elec,
                  | rC++ Dex+3}
 10747 | D:8      | Killed Maurice
 11480 | D:10     | Entered Level 10 of the Dungeon
 11513 | D:10     | Found a runed translucent gate.
 11514 | D:10     | Found a runed translucent gate.
 11515 | D:10     | Found a runed translucent gate.
 12261 | D:10     | Noticed a centaur warrior
 12275 | D:10     | Killed a centaur warrior
 12374 | D:10     | Found a staircase to the Orcish Mines.
 12633 | D:10     | Found a staircase to the Lair.
 13229 | D:10     | Noticed Orangeyouglad's ghost (journeyman HuIE)
 13237 | D:10     | Identified the +7 chain mail of Gallantry {rF+ rCorr}
 13286 | D:11     | Reached skill level 10 in Fighting
 13304 | D:11     | Identified a scroll of acquirement
 13304 | D:11     | Acquired 1202 gold pieces
 13475 | D:11     | Reached XP level 12. HP: 73/77 MP: 15/15
 13495 | D:11     | Reached skill level 10 in Conjurations
 13514 | D:11     | Reached skill level 1 in Armour
 13618 | D:11     | Identified the +3 long sword "Ugroaza" {flame, Str-2 Int+3
                  | Dex+3 SInv}
 14458 | D:12     | Found Tueguaq's General Store.
 14462 | D:12     | Bought a potion of magic for 112 gold pieces
 14462 | D:12     | Bought a scroll of noise for 14 gold pieces
 14644 | D:12     | Found Boumakh's Weapon Shoppe.
 14878 | D:12     | Found Nusunlay's Antique Weapon Shoppe.
 14984 | D:12     | Reached skill level 5 in Spellcasting
 15174 | D:12     | Found Lungu's Weapon Shoppe.
 15215 | D:12     | Noticed a centaur warrior
 15237 | D:12     | Found Wabbyocsihoi's Antique Weapon Shop.
 15278 | D:12     | Noticed Rupert
 15392 | Lair:1   | Entered Level 1 of the Lair of Beasts
 15392 | Lair:1   | Noticed Amaemon
 15410 | Lair:1   | Killed Amaemon
 15472 | Lair:1   | Noticed Sonja
 15473 | Lair:1   | Killed Sonja
 15482 | Lair:1   | Learned a level 3 spell: Confusing Touch
 15489 | Lair:1   | Learned a level 6 spell: Iron Shot
 15567 | Lair:1   | Reached skill level 1 in Earth Magic
 15569 | Lair:1   | Noticed Grum
 15625 | Lair:1   | Killed Grum
 15725 | Lair:1   | Noticed Gastronok
 15783 | Lair:1   | Killed Gastronok
 15784 | Lair:1   | Reached skill level 5 in Armour
 15806 | Lair:1   | Identified the +2 pair of boots "Eppexax" {Contam rF+ rC+
                  | Will++}
 16686 | Lair:2   | Reached XP level 13. HP: 82/82 MP: 22/22
 16867 | Lair:2   | Reached skill level 5 in Earth Magic
 16953 | Lair:2   | Reached skill level 1 in Hexes
 17646 | Lair:2   | Found a staircase to the Shoals.
 18000 | Lair:3   | Found a staircase to the Snake Pit.
 18049 | Lair:3   | Reached skill level 5 in Hexes
 18159 | Lair:3   | Learned a level 1 spell: Apportation
 18165 | Lair:3   | Learned a level 5 spell: Borgnjor's Vile Clutch
 18694 | Lair:3   | Reached XP level 14. HP: 88/88 MP: 23/23
 19340 | Lair:4   | Reached skill level 10 in Earth Magic
 19446 | Lair:4   | Reached skill level 1 in Necromancy
 19459 | Lair:4   | Reached skill level 1 in Shields
 19891 | Lair:4   | Noticed Nessos
 19902 | Lair:4   | Shot with an arrow by Nessos

Illustrated notes

Levels and vault maps discovered:
D:1:      lightli_iron_boxes, layout_rooms
D:2:      layout_basic, basic_altar
D:3:      layout_loops_ring, minitemple, chequers_ecumenical_altar_grove,
          uniq_terence
D:4:      layout_basic, uniq_robin, uniq_ijyb
D:5:      layout_loops_ring, serial_co_window_serial,
          co_window_of_opportunity_a, co_window_cross_1, co_window_paths_b,
          co_window_corner_a, co_window_paths_a, co_window_corner_a,
          co_window_cross_3, co_window_2corner, co_window_broadway_b,
          co_window_broadway_c, co_window_2corner, co_window_paths_d,
          glass_columns_a, glass_columns_c, glass_columns_a, glass_columns_a,
          uniq_edmund
D:6:      minmay_polygon_palace, layout_rooms, nzn_random_ring
D:7:      layout_gridville, minmay_temple_entry_statues, serial_shops,
          nicolae_diamond_shop, minmay_mini_ossuary
D:8:      layout_basic, nicolae_shop_i_like_big_books, kennysheep_small_square
D:9:      layout_small_grid, nicolae_tso_swordbearing_angel,
          minmay_misc_feat_more_columns, uniq_maurice, uniq_maggie
D:10:     layout_big_octagon, grunt_lair_entry_orc_guard_hut, zombieorc2_lemuel,
          biasface_ghost_orc_armoury, nicolae_two_hexagons,
          kennysheep_generic_room_6
D:11:     layout_gridville, gauntlet_entry_generic, kennysheep_dice
D:12:     layout_loops_corners, serial_shops, nicolae_shop_hallway_stairs,
          kennysheep_mini, nicolae_shop_hallway_plus,
          nicolae_shop_bloodbath_and_beyond, shop_fountains, uniq_rupert
Lair:1:   layout_cave_pods, grunt_megastairs_1, lemuel_fruit_tree, uniq_grum,
          uniq_amaemon, uniq_gastronok, uniq_sonja
Lair:2:   layout_chaotic_city, minmay_shoals_entry_lonely_mermaid, st_stairs_3,
          grunt_forest_stairs_basic
Lair:3:   layout_loops_ring, minmay_snake_entry_six_corridors
Lair:4:   layout_cave_pods, slime_entry_1, cheibrodos_lair_lostbears,
          uniq_nessos

Skill      XL: |  1  2  3  4  5  6  7  8  9 10 11 12 13 14 |
---------------+-------------------------------------------+-----
Short Blades   | 5 6 7 8 10 | 10.0
Translocations | 1 2 |  2.0
Fighting       | 3 7 10 | 10.0
Stealth        | 1 3 7 10 | 10.0
Conjurations   | 4 7 9 10 | 10.0
Dodging        | 4 9 10 | 10.0
Armour         | 5 6 |  6.0
Spellcasting   | 6 |  6.0
Earth Magic    | 3 9 10 | 10.5
Hexes          | 6 |  6.0
Necromancy     | 3 |  3.0
Shields        | 2 |  2.4

Action                     |  1- 3 |  4- 6 |  7- 9 | 10-12 | 13-15 || total
---------------------------+-------+-------+-------+-------+-------++-------
  Melee: Short sword       |   116 |   100 |   316 |   846 |       ||  1378
         Punch             |     2 |       |     8 |    15 |    18 ||    43
         Dagger            |       |       |       |   161 |   790 ||   951
   Cast: Momentum Strike   |     4 |    10 |    13 |    10 |       ||    37
         Kiss of Death     |       |     1 |     4 |     4 |       ||     9
  Evoke: Wand              |       |       |     5 |    10 |     5 ||    20
    Use: Scroll            |       |       |    16 |    10 |     3 ||    29
         Potion            |       |       |       |     5 |     4 ||     9
   Stab: Sleeping          |     6 |     8 |    21 |    45 |     9 ||    89
         Distracted        |     1 |     1 |       |     5 |     2 ||     9
 Armour: Leather armour    |    22 |    15 |    38 |    13 |       ||    88
         Steam dragon scal |       |       |       |   100 |   112 ||   212
  Dodge: Dodged            |    58 |    58 |   190 |   809 |   715 ||  1830

Table legend: (Time is in decaauts)
 A = Elapsed time spent in this place.
 B = Non-inter-level travel time spent in this place.
 C = Inter-level travel time spent in this place.
 D = Time resting spent in this place.
 E = Time spent auto-exploring this place.
 F = Levels seen in this place.
 G = Mean time per level.
                   A        B        C        D        E       F      G
               +--------+--------+--------+--------+--------+-----+--------+
         Total |  18850 |  18162 |    688 |   2406 |  11816 |  16 | 1178.1 |
       Dungeon |  14776 |  14192 |    584 |   2309 |   9070 |  12 | 1231.3 |
          Lair |   4073 |   3970 |    103 |     97 |   2746 |   4 | 1018.2 |
               +--------+--------+--------+--------+--------+-----+--------+

Top non-repeatable levels by time:
     D:5: 1977 daAuts
     D:6: 1722 daAuts
    D:10: 1655 daAuts
     D:7: 1532 daAuts
  Lair:3: 1266 daAuts
     D:2: 1240 daAuts
    D:11: 1176 daAuts
  Lair:2: 1174 daAuts
  Lair:1: 1115 daAuts
     D:4: 1084 daAuts
     D:8: 1050 daAuts
     D:9: 937 daAuts
     D:3: 895 daAuts
    D:12: 839 daAuts
     D:1: 662 daAuts
